 Dungeon Crawl Stone Soup version 0.25-a0-419-g7650d0de75 (webtiles) character file.

Game seed: 9478949834128754397, levelgen mode: deterministic

27003 Borgoz the Fighter (level 13, -1/87 HPs)
             Began as a Gargoyle Berserker on Jan 17, 2020.
             Was an Elder of Trog.
             Slain by an orc knight
             ... wielding a +2 broad axe
              (10 damage)
             ... on level 13 of the Dungeon.
             The game lasted 00:25:10 (10143 turns).

Borgoz the Fighter (Gargoyle Berserker)            Turns: 10143, Time: 00:25:11

Health: -1/87      AC: 24    Str: 28    XL:     13   Next: 29%
Magic:  13/13      EV: 15    Int:  9    God:    Trog [****..]
Gold:   914        SH:  0    Dex: 11    Spells: 12/12 levels left

rFire    . . .     SeeInvis +   b - +4 dire flail (vorpal)
rCold    . . .     Gourm    .   (shield currently unavailable)
rNeg     + . .     Faith    .   B - +0 scale mail
rPois    ∞         Spirit   .   (no helmet)
rElec    +         Reflect  .   s - +0 cloak
rCorr    .         Harm     .   D - +1 pair of gloves
MR       ++...                  f - +0 pair of boots
Stlth    ..........             q - amulet of regeneration
HPRegen  1.64/turn              j - +5 ring of strength
MPRegen  0.13/turn              k - ring of see invisible

@: about to teleport, regenerating
A: negative energy resistance 1, electricity resistance, unbreathing,
petrification resistance, rot immunity, AC +9
a: Berserk, Trog's Hand, Brothers in Arms, Renounce Religion


You were on level 13 of the Dungeon.
You worshipped Trog.
Trog was greatly pleased with you.
You were not hungry.

You visited 1 branch of the dungeon, and saw 13 of its levels.
You visited the Abyss 1 time.

You collected 966 gold pieces.
You spent 52 gold pieces at shops.

Inventory:

Hand Weapons
 a - a +3 antimagic dire flail
 b - a +4 vorpal dire flail (weapon)
Armour
 f - a +0 pair of boots (worn)
 s - a +0 cloak (worn)
 B - a +0 scale mail (worn)
 D - a +1 pair of gloves (worn)
Jewellery
 j - a +5 ring of strength (left hand)
 k - a ring of see invisible (right hand)
 q - an amulet of regeneration (around neck)
 t - an uncursed ring of positive energy
 w - an uncursed ring of resist corrosion
 A - an uncursed ring of stealth {unknown}
Wands
 e - a wand of disintegration (15)
 r - a wand of digging (5)
Scrolls
 d - 5 scrolls of teleportation
 i - a scroll of immolation
 l - 3 scrolls of remove curse
 m - 2 scrolls of blinking {unknown}
 n - a scroll of fear
 o - 2 scrolls of fog
 v - a scroll of holy word {unknown}
 x - a scroll of magic mapping
 y - a scroll of enchant armour
 C - a scroll of summoning {unknown}
Potions
 g - 2 potions of berserk rage
 p - a potion of cancellation {unknown}
 u - a potion of flight
 z - a potion of haste {unknown}
Comestibles
 c - 24 rations
 h - 7 chunks of flesh


   Skills:
 + Level 12.4 Fighting
 + Level 11.5 Maces & Flails
 + Level 12.1 Armour
 + Level 9.6 Dodging


You had 12 spell levels left.
You didn't know any spells.
Your spell library was empty.

Dungeon Overview and Level Annotations

Branches:
Dungeon (13/15)            Temple (0/1) D:7            Lair (0/6) D:10
    Orc (0/2) D:12
 Vaults: D:13-14

Altars:
Dithmenos
Gozag
Makhleb
Nemelex Xobeh
Qazlal
Ru
Vehumet
Xom
Zin
The Shining One

Shops:
D:5 }   D:7 =}?*   D:9 ?   D:10 ?


Innate Abilities, Weirdness & Mutations

You are resistant to torment.
Your stone body is resilient. (AC +9)
You are immune to poison.
You resist negative energy. (rN+)
You are resistant to electric shocks. (rElec)
You can survive without breathing.
You are immune to petrification.
You are immune to rotting.


Message History

The deep elf mage casts a spell.
As you read the scroll of teleportation, it crumbles to dust.
You feel strangely unstable.
The orc wizard no longer looks unusually strong.
Your ogre hits the yaktaur with a +0 giant club!
Your ogre's attack snaps the yaktaur out of its fear.
The yaktaur barely misses your ogre.
The centaur warrior skeleton hits you but does no damage. x2
The yaktaur closely misses you.
A yaktaur comes into view.
Okay, then.
Okay, then.
The yaktaur shouts!
You hit the earth elemental.
The earth elemental is lightly damaged.
Your ogre barely misses the yaktaur.
The centaur warrior skeleton barely misses you.
The centaur warrior skeleton closely misses you.
The orc knight hits you with a +2 broad axe!
You die...

................#
.............###
.#######..#####
#..# .. #..##. #
#..#o# .#
.##.#..#(##..#
#......oZZ.#
###.#..#@###
....oeeEc.....#
....o.....cO....#
####.#..#.#######
...*e....
.##.#..#.#
#.#..#.# . #. ##c


You could see an orc knight, a deep elf knight, an earth elemental, 3 yaktaurs,
2 deep elf magi, 2 orc priests, an orc wizard (fleeing), a battlesphere, 2
centaur warrior skeletons and a friendly ogre (berserk).

Vanquished Creatures
  A tentacled starspawn (Abyss:1)
  A draconian stormcaller (Abyss:1)
  2 hydras
  2 two-headed ogres
  A thrashing horror (Abyss:1)
  Sonja (D:12)
  2 unseen horrors
  2 ugly things (D:11)
  An apocalypse crab (Abyss:1)
  2 kobold demonologists (D:12)
  A komodo dragon (D:10)
  An ancient zyme (Abyss:1)
  A freezing wraith (Abyss:1)
  2 trolls
  A hornet (D:11)
  A hippogriff (D:8)
  3 raiju (Abyss:1)
  2 wraiths
  2 small abominations (Abyss:1)
  A large abomination (Abyss:1)
  4 wyverns
  13 yaks
  Grum (D:10)
  3 steam dragons (D:6)
  3 acid dragons
  5 orc warriors
  5 hell hounds (Abyss:1)
  3 sky beasts
  3 ice beasts
  2 black bears
  2 necrophages
  4 starcursed masses (Abyss:1)
  3 wolves (D:10)
  2 phantoms
  6 ogres
  12 centaurs
  A crocodile (D:10)
  3 big kobolds
  5 bullfrogs
  A gnoll sergeant (D:12)
  A wyvern zombie (D:10)
  3 scorpions
  2 wyvern skeletons
  5 wights (D:6)
  7 killer bees
  3 howler monkeys
  A jelly (D:11)
  8 crimson imps
  4 centaur zombies
  A quasit (D:11)
  Crazy Yiuf (D:2)
  3 bullfrog skeletons
  6 hounds
  11 orc priests
  3 centaur skeletons
  4 iguanas
  Natasha (thrice) (D:2)
  24 orc wizards
  8 worker ants
  A hound skeleton (D:5)
  A worker ant zombie (D:11)
  7 gnolls
  17 adders
  4 shadow imps
  An adder skeleton (D:8)
  6 worms
  4 dart slugs
  4 leopard geckos
  69 orcs
  A ball python (D:4)
  6 bats
  7 giant cockroaches
  5 goblins
  19 hobgoblins
  10 jackals
  11 kobolds
  A quokka (D:2)
  5 frilled lizards
  2 leopard gecko skeletons
  10 rats
  A starspawn tentacle (Abyss:1)
401 creatures vanquished.

Vanquished Creatures (collateral kills)
  Frances (D:12)
  A gnoll (D:12)
2 creatures vanquished.

Vanquished Creatures (others)
  A skeletal warrior (D:13)
  A troll (D:11)
  A bullfrog skeleton (D:11)
  2 starspawn tentacles (Abyss:1)
5 creatures vanquished.

Grand Total: 408 creatures vanquished

Notes
Turn   | Place    | Note
-------+----------+-------------------------------------------
     0 | D:1      | Borgoz the Gargoyle Berserker began the quest for the Orb.
     0 | D:1      | Reached XP level 1. HP: 14/14 MP: 1/1
   222 | D:1      | Reached XP level 2. HP: 4/19 MP: 2/2
   775 | D:1      | Reached XP level 3. HP: 16/23 MP: 3/3
   905 | D:1      | Reached ** piety under Trog
  1259 | D:2      | Reached XP level 4. HP: 28/29 MP: 4/4
  1432 | D:2      | Noticed Natasha
  1439 | D:2      | Killed Natasha
  1638 | D:2      | Reached XP level 5. HP: 23/33 MP: 5/5
  2126 | D:2      | Found a stormy altar of Qazlal.
  2192 | D:2      | Found a runed translucent door.
  2193 | D:2      | Noticed Crazy Yiuf
  2283 | D:2      | Noticed Natasha
  2291 | D:2      | Killed Natasha
  2411 | D:2      | Noticed Natasha
  2420 | D:2      | Killed Natasha
  2443 | D:2      | Killed Crazy Yiuf
  2443 | D:2      | Reached XP level 6. HP: 27/39 MP: 6/6
  2755 | D:3      | Reached *** piety under Trog
  3146 | D:4      | Reached skill level 5 in Fighting
  3146 | D:4      | Reached XP level 7. HP: 43/44 MP: 7/7
  3620 | D:4      | Reached skill level 5 in Maces & Flails
  3716 | D:4      | Reached **** piety under Trog
  3751 | D:5      | Entered Level 5 of the Dungeon
  3774 | D:5      | Found a glowing golden altar of the Shining One.
  3790 | D:5      | Found an opulent altar of Gozag.
  3790 | D:5      | Found a sacrificial altar of Ru.
  3790 | D:5      | Found a sparkling altar of Nemelex Xobeh.
  3829 | D:5      | Reached skill level 5 in Armour
  3834 | D:5      | Found Igaeq's Gadget Shoppe.
  3892 | D:5      | Found a shadowy altar of Dithmenos.
  3962 | D:5      | Reached XP level 8. HP: 50/51 MP: 8/8
  4262 | D:6      | Found a radiant altar of Vehumet.
  4516 | D:6      | Reached XP level 9. HP: 56/56 MP: 9/9
  4746 | D:6      | Reached skill level 5 in Dodging
  5175 | D:7      | Found a staircase to the Ecumenical Temple.
  5196 | D:7      | Got a smoking leather armour
  5207 | D:7      | Identified the +1 leather armour "Iganlype" {Int+2} (You
                  | found it on level 7 of the Dungeon)
  5251 | D:7      | Reached ***** piety under Trog
  5251 | D:7      | Received a gift from Trog
  5425 | D:7      | Noticed an Executioner
  5426 | D:7      | Found a burning altar of Makhleb.
  5428 | D:7      | Found a glowing silver altar of Zin.
  5429 | D:7      | Noticed an angel
  5457 | D:7      | Found Lacesiy's General Store.
  5467 | D:7      | Found Arphog Anladgh's Magic Scroll Shoppe.
  5521 | D:7      | Found Bebbir's Jewellery Shoppe.
  5527 | D:7      | Found Lobidieh's Gadget Emporium.
  5598 | D:7      | Found a shimmering altar of Xom.
  5832 | D:8      | Reached XP level 10. HP: 39/64 MP: 3/10
  5987 | D:8      | Noticed a two-headed ogre
  5996 | D:8      | Killed a two-headed ogre
  6509 | D:9      | Received a gift from Trog
  6713 | D:9      | Found Qaubroch's Magic Scroll Shop.
  6721 | D:9      | Bought a scroll of magic mapping for 52 gold pieces
  7008 | D:10     | Entered Level 10 of the Dungeon
  7008 | D:10     | Noticed Grum
  7034 | D:10     | Killed Grum
  7070 | D:10     | Found Legics's Magic Scroll Shop.
  7384 | D:10     | Reached XP level 11. HP: 49/71 MP: 3/11
  7441 | D:10     | Found a staircase to the Lair.
  7686 | D:10     | Received a gift from Trog
  7789 | D:10     | Noticed a two-headed ogre
  7796 | D:10     | Killed a two-headed ogre
  7978 | D:11     | Noticed a red ugly thing
  7990 | D:11     | Killed a red ugly thing
  7990 | D:11     | Reached skill level 10 in Fighting
  8052 | D:11     | Noticed a four-headed hydra
  8059 | D:11     | Killed a four-headed hydra
  8269 | D:11     | Reached skill level 10 in Armour
  8297 | D:11     | Noticed a brown ugly thing
  8321 | D:11     | Killed a brown ugly thing
  8363 | D:11     | Noticed an unseen horror
  8384 | D:11     | Killed an unseen horror
  8465 | D:11     | Found a stormy altar of Qazlal.
  8642 | D:11     | Reached skill level 10 in Maces & Flails
  8695 | D:11     | Reached XP level 12. HP: 51/79 MP: 4/12
  8948 | D:12     | Noticed a five-headed hydra
  8950 | D:12     | Received a gift from Trog
  8961 | D:12     | Killed a five-headed hydra
  9062 | D:12     | Noticed Sonja
  9073 | D:12     | Killed Sonja
  9099 | D:12     | Found a staircase to the Orcish Mines.
  9361 | D:12     | Noticed Frances
  9374 | D:12     | Killed Frances
  9374 | D:12     | Cast into level 1 of the Abyss (gnoll sergeant)
  9418 | Abyss:1  | Noticed a starcursed mass
  9452 | Abyss:1  | Paralysed by accursed screaming for 1 turns
  9456 | Abyss:1  | Killed a starcursed mass
  9459 | Abyss:1  | Killed a starcursed mass
  9526 | Abyss:1  | Noticed a red draconian stormcaller
  9535 | Abyss:1  | Killed a red draconian stormcaller
  9673 | Abyss:1  | Noticed a tentacled starspawn
  9677 | Abyss:1  | Noticed a thrashing horror
  9686 | Abyss:1  | Killed a tentacled starspawn
  9686 | Abyss:1  | Reached XP level 13. HP: 62/86 MP: 4/13
  9700 | Abyss:1  | HP: 2/129 [small abomination (7)]
  9713 | D:12     | Escaped the Abyss
  9771 | D:12     | Received a gift from Trog
 10143 | D:13     | Slain by an orc knight

Levels and vault maps discovered:
D:1:      roderic_crossed_star, layout_basic, minmay_pentomino_x2
D:2:      layout_basic, lemuel_doored_altar, minmay_stone_trees_small,
          supply_closet_lemuel, uniq_natasha, uniq_crazy_yiuf_cottage
D:3:      layout_rooms
D:4:      layout_loops_cross, first_ration
D:5:      layout_rooms, grunt_dithmenos_smoke, tso_metal_star,
          chequers_temple_overflow_statue_of_worship, serial_shops, shop_coins
D:6:      cheibrodos_steamvent, layout_cave_pods, vehumet_altar_wand_db
D:7:      layout_rooms, grunt_temple_overflow_order_and_chaos_2,
          lemuel_round_altar, minmay_temple_entry_statues_pillars, serial_shops,
          shop, nicolae_shop_temple_entry_statues_fountains,
          nicolae_shop_crystal, shop
D:8:      layout_loops_ring
D:9:      layout_roguey, serial_shops, shop
D:10:     layout_irregular_city, erik_lair_dragon, serial_shops, shop,
          blue_anna_alchemist [blue_anna_fruit_fields, blue_anna_fruit_fields],
          uniq_grum
D:11:     layout_basic, grunt_qazlal_clouds
D:12:     layout_irregular_city, orc_0_dummy, serial_glass, glass_columns_c,
          glass_columns_a, glass_columns_b, glass_columns_a, glass_columns_a,
          glass_columns_a, glass_columns_a, glass_columns_c, glass_columns_b,
          glass_columns_a, uniq_sonja, uniq_frances
D:13:     layout_cave_pods, hangedman_vaults_entry_quadrant_bands

Skill      XL: |  1  2  3  4  5  6  7  8  9 10 11 12 13 |
---------------+----------------------------------------+-----
Dodging        | 2 3 4 6 7 8 9 |  9.6
Armour         | 3 4 5 6 7 9 10 11 12 | 12.1
Fighting       | 4 5 6 8 9 10 12 | 12.4
Maces & Flails | 4 5 6 7 8 10 11 | 11.5

Action                   |  1- 3 |  4- 6 |  7- 9 | 10-12 | 13-15 || total
-------------------------+-------+-------+-------+-------+-------++-------
Melee: Mace              |   113 |   131 |       |       |       ||   244
       Flail             |       |   157 |   419 |       |       ||   576
       Dire flail        |       |       |    78 |   670 |   104 ||   852
Invok: Berserk           |     1 |     6 |     3 |     9 |       ||    19
       Trog's Hand       |       |       |     1 |     5 |     3 ||     9
       Brothers in Arms  |       |       |       |     1 |     1 ||     2
  Use: Scroll            |       |     8 |    10 |     2 |     2 ||    22
       Potion            |       |       |     1 |     3 |     3 ||     7
 Stab: Sleeping          |       |       |       |     1 |       ||     1
  Eat: Chunk             |     2 |    12 |    12 |    24 |     4 ||    54
Armor: Animal skin       |    26 |       |       |       |       ||    26
       Plate armour      |    38 |   332 |   227 |       |       ||   597
       Steam dragon scal |       |       |   110 |   275 |       ||   385
       Scale mail        |       |       |       |    51 |    74 ||   125
Dodge: Dodged            |    81 |   178 |   334 |   536 |   124 ||  1253

Table legend:
 A = Non-vault XP
 B = Vault XP
 C = Vault XP percentage of total XP
 D = Non-vault monster count
 E = Vault monster count
 F = Vault count percentage of total count
                 A         B        C        D         E       F
            +---------+---------+-------+---------+---------+-------
      Total |   31954 |    6622 |  17.2 |     381 |      23 |   5.7
            +---------+---------+-------+---------+---------+-------
        D:1 |      61 |       0 |   0.0 |      30 |       0 |   0.0
        D:2 |     182 |      79 |  30.3 |      23 |       2 |   8.0
        D:3 |     192 |       0 |   0.0 |      34 |       0 |   0.0
        D:4 |     478 |       0 |   0.0 |      27 |       0 |   0.0
        D:5 |     414 |       0 |   0.0 |      13 |       0 |   0.0
        D:6 |     893 |     541 |  37.7 |      24 |       4 |  14.3
        D:7 |    1216 |       0 |   0.0 |      31 |       0 |   0.0
        D:8 |    2315 |       0 |   0.0 |      29 |       0 |   0.0
        D:9 |    1022 |       0 |   0.0 |      17 |       0 |   0.0
       D:10 |    2210 |    1877 |  45.9 |      35 |      11 |  23.9
       D:11 |    7817 |       0 |   0.0 |      42 |       0 |   0.0
       D:12 |    6435 |    2904 |  31.1 |      55 |       2 |   3.5
       D:13 |       0 |    1221 | 100.0 |       0 |       4 | 100.0
    Abyss:1 |    8719 |       0 |   0.0 |      21 |       0 |   0.0
            +---------+---------+-------+---------+---------+-------
